 Dungeon Crawl Stone Soup version 0.28.0-53-g5a82cb258f (webtiles) character file.

Game seed: 11340181709382537170

52 Descartes the Gusty (level 3, -2/20 HPs)
             Began as a Deep Elf Wanderer on May 26, 2022.
             Slain by Crazy Yiuf
             ... wielding a +2 quarterstaff of chaos
              (10 damage)
             ... on level 2 of the Dungeon.
             The game lasted 00:07:34 (2917 turns).

Descartes the Gusty (Deep Elf Wanderer)             Turns: 2917, Time: 00:07:34

Health: -2/20      AC:  3    Str: 12    XL:     3   Next: 60%
Magic:  7/7        EV: 10    Int: 17    God:
Gold:   61         SH:  0    Dex: 12    Spells: 4/5 levels left

rFire   . . .      SeeInvis .   c - +0 short sword (venom)
rCold   . . .      Faith    .   (no shield)
rNeg    . . .      Spirit   .   e - +0 leather armour
rPois   .          Reflect  .   (no helmet)
rElec   .          Harm     .   (no cloak)
rCorr   .          Rampage  .   (no gloves)
Will    .....                   (no boots)
Stlth   +.........              (no amulet)
HPRegen 0.06/turn               (no ring)
MPRegen 0.10/turn               (no ring)

@: lethally poisoned (-2 -> -12)
A: no striking features
a: no special abilities


You were on level 2 of the Dungeon.
You visited 1 branch of the dungeon, and saw 2 of its levels.

You collected 61 gold pieces.

Inventory:

Hand Weapons
 a - a +0 trident
 c - a +0 short sword of venom (weapon)
Missiles
 g - 70 stones
Armour
 b - a +0 scale mail
 d - a +0 robe
 e - a +0 leather armour (worn)
Scrolls
 f - 2 scrolls of identify {unknown}
Potions
 h - a potion of brilliance {unknown}


   Skills:
 - Level 1.5 Fighting
 - Level 1.3 Polearms
 - Level 1.5 Armour
 - Level 1.5 Spellcasting
 + Level 4.0 Air Magic
 - Level 1.1 Evocations


You had 4 spell levels left.
You knew the following spells:

 Your Spells              Type           Power      Damage    Failure   Level
a - Shock                 Conj/Air       32%        1d5       12%         1

Your spell library contained the following spells:

 Spells                   Type           Power      Damage    Failure   Level
 Swiftness                Air            15%        N/A       14%         3
 Apportation              Tloc           2%         N/A       26%         1
 Alistair's Intoxication  Tmut/Pois      0%         N/A       100%        5


Dungeon Overview and Level Annotations

Branches:
Dungeon (2/15)

Altars:

Annotations:
D:2 Crazy Yiuf


Message History

The worm is heavily wounded.
Casting: Shock (safe; 12% risk of failure)
Confirm with . or Enter, or press ? or * to list all spells.
You don't have enough magic to cast this spell.
Unknown command.
You hit the worm.
The worm is severely wounded.
You hit the worm.
The worm is poisoned.
The worm is almost dead.
You kill the worm!
You see here 18 bolts.
f - 2 scrolls labelled HOMACE RUTEI (gained 1)
There is a stone staircase leading up here.
Found a mace.
Found a runed translucent door.
Crazy Yiuf shouts!
Crazy Yiuf whimpers, "Blight!
Adder alas arm."
Crazy Yiuf grits, "Buddy shoe song!"
You see here a +0 scale mail.
There is a stone staircase leading up here.
There is a stone staircase leading up here.
You enter the shallow water.
Moving in this stuff is going to be slow.
Found a stone staircase leading up.
You now have 61 gold pieces (gained 11).
There is a stone staircase leading up here.
You enter the shallow water.
Moving in this stuff is going to be slow.
You see here a +0 scale mail.
Crazy Yiuf shouts!
Crazy Yiuf waves his quarterstaff at you.
You open the door.
Crazy Yiuf whimpers, "Fire!
Cards Orb Guardian leg."
Crazy Yiuf drinks a potion.
Crazy Yiuf seems to speed up.
Crazy Yiuf hits you with a +2 quarterstaff of chaos.
You are lethally poisoned!
You feel very sick.
You feel very sick.
Crazy Yiuf hits you with a +2 quarterstaff of chaos!
Ouch! That really hurt!
You die...

##############
#............##♣♣♣♣♣
#.###########.+..♣.♣♣♣ ### #.#
##......♣.g♣#...# ##.##
#......♣♣♣♣.'...#
#####...########...+.♣♣ ♣♣#..)#
..<.....##......@g##♣♣ ###
#####...##.######## ##.#...#
######.#.### #############
.......[.# #............
######.##############..<.......#.
#.........≈..≈≈.≈≈#########.
#..######≈#≈'''##≈.# #.
#........##≈≈≈≈≈##.# #.


You could see Crazy Yiuf (fast).

Vanquished Creatures
  A gnoll (D:1)
  3 worms (D:2)
  3 endoplasms (D:1)
  2 hobgoblins (D:2)
  7 jackals
  2 quokkas
  2 ball pythons (D:1)
  2 bats
  4 goblins
  3 kobolds
  A rat (D:1)
  A spectral hobgoblin (D:2)
31 creatures vanquished.

Notes
Turn   | Place    | Note
-------+----------+-------------------------------------------
     0 | D:1      | Descartes the Deep Elf Wanderer began the quest for the
                  | Orb.
     0 | D:1      | Descartes set off with the following items: a +0 trident, a
                  | +0 scale mail; and the following spell memorised: Shock;
                  | and the following spells available to memorise: Swiftness
     0 | D:1      | Reached XP level 1. HP: 12/12 MP: 5/5
   419 | D:1      | Reached XP level 2. HP: 11/16 MP: 1/6
   671 | D:2      | Reached skill level 3 in Air Magic
   861 | D:2      | Found a faded altar of an unknown god.
  1546 | D:1      | Reached XP level 3. HP: 20/20 MP: 5/7
  2247 | D:2      | Reached skill level 4 in Air Magic
  2589 | D:2      | Found a runed translucent door.
  2590 | D:2      | Noticed Crazy Yiuf
  2917 | D:2      | Slain by Crazy Yiuf

Illustrated notes

Levels and vault maps discovered:
D:1:      roderic_dead_forest, layout_basic
D:2:      layout_loops_ring, dreamdust_ecumenical_altar_drowned_temple,
          nicolae_concentric_dashed_squares_mild, roderic_serpentine_path,
          uniq_crazy_yiuf_cottage

Skill      XL: |  1  2  3 |
---------------+----------+-----
Air Magic      | 3 4 |  4.0
Fighting       | |  1.5
Polearms       | |  1.3
Armour         | |  1.5
Spellcasting   | |  1.5
Evocations     | |  1.1

Action                   || total
-------------------------++-------
Melee: Short sword       ||    13
 Cast: Shock             ||   110
Armor: Leather armour    ||     9
       Robe              ||     1
Dodge: Dodged            ||    22
